| TOP OF THE 1ST |
|
Auburn Red Stars batting - Pitching for Utica Blue Jays : RHP Jeff Satzinger
|
|
Pitching: RHP Jeff Satzinger
|
|
|
Batting: RHB Jose Rodriguez
|
0-0: Ball 1-0: Ball 2-0: Foul Ball, location: 2F 2-1: Fly out, F8 (Line Drive, 8RM, EV 108.1 MPH)
|
|
Batting: RHB Clemente Acuna
|
0-0: Ball 1-0: Called Strike 1-1: Swinging Strike 1-2: Strikes out swinging
|
|
Batting: LHB Jeff Kenaga
|
0-0: Fly out, F7 (Line Drive, 7, EV 92.5 MPH)
|
| Top of the 1st over - 0 runs, 0 hits, 0 errors, 0 left on base; Auburn 0 - Utica 0 |
| BOTTOM OF THE 1ST |
|
Utica Blue Jays batting - Pitching for Auburn Red Stars : RHP Ernest Moya
|
|
Pitching: RHP Ernest Moya
|
|
|
Batting: RHB Ed Allen
|
0-0: Ball 1-0: Ground out 5-3 (Groundball, 56, EV 99.4 MPH)
|
|
Batting: RHB Jose Gonzalez
|
0-0: Called Strike 0-1: Called Strike 0-2: Strikes out swinging
|
|
Batting: SHB Delwyn Young
|
0-0: Ball 1-0: Ball 2-0: Ball 3-0: Called Strike 3-1: Fly out, F8 (Flyball, 8LD, EV 98.8 MPH)
|
| Bottom of the 1st over - 0 runs, 0 hits, 0 errors, 0 left on base; Auburn 0 - Utica 0 |
| TOP OF THE 2ND |
|
Auburn Red Stars batting - Pitching for Utica Blue Jays : RHP Jeff Satzinger
|
|
Batting: RHB Alfredo Torres
|
0-0: Foul Ball, location: 2F 0-1: Ball 1-1: Ball 2-1: SINGLE (Line Drive, 89S, EV 105.0 MPH)
|
|
Batting: LHB John Stefero
|
0-0: Ball Alfredo Torres steals 2nd base 1-0: Ball 2-0: Foul Ball, location: 2F 2-1: Swinging Strike 2-2: Foul Ball, location: 2F 2-2: Foul Ball, location: 2F 2-2: Foul Ball, location: 2F 2-2: Ball 3-2: Foul Ball, location: 2F 3-2: Strikes out swinging
|
|
Batting: RHB Steve McQueen
|
0-0: Called Strike 0-1: Fly out, F7 (Flyball, 78S, EV 92.5 MPH)
|
|
Batting: LHB Luis Roman
|
0-0: Swinging Strike 0-1: Ball 1-1: SINGLE (Flyball, 7LS, EV 94.4 MPH) Alfredo Torres to third Runner from 3rd tries for Home, SAFE, throw by LF to home
|
|
Batting: RHB William Chamberlain
|
0-0: Ball Luis Roman steals 2nd base (no throw) 1-0: Ball 2-0: Ball 3-0: Base on Balls
|
|
Batting: RHB Antonio Quevedo
|
0-0: Called Strike 0-1: Swinging Strike 0-2: Ball 1-2: Strikes out swinging
|
| Top of the 2nd over - 1 run, 2 hits, 0 errors, 2 left on base; Auburn 1 - Utica 0 |
| BOTTOM OF THE 2ND |
|
Utica Blue Jays batting - Pitching for Auburn Red Stars : RHP Ernest Moya
|
|
Batting: LHB Robert Williamson
|
0-0: Ball 1-0: SINGLE (Groundball, 25, EV 65.6 MPH) (infield hit)
|
|
Batting: SHB Manny Jose
|
0-0: Called Strike 0-1: TRIPLE (Flyball, 89XD, EV 89.4 MPH) Robert Williamson scores
|
|
Batting: RHB Ricky Jordan
|
0-0: Called Strike 0-1: Called Strike 0-2: Ball 1-2: Ball 2-2: Strikes out swinging, 2-3 out at first.
|
|
Batting: RHB Doug Gwosdz
|
0-0: Swinging Strike 0-1: DOUBLE (Line Drive, 7LM, EV 104.4 MPH) Manny Jose scores
|
|
Batting: RHB Eddie Santiago
|
0-0: Called Strike 0-1: Foul Ball, location: 2F 0-2: Ball 1-2: Strikes out swinging
|
|
Batting: RHB Gustavo Hernandez
|
0-0: Ball 1-0: Ball 2-0: Foul Ball, location: 2F 2-1: Called Strike 2-2: Ball 3-2: Base on Balls
|
|
Batting: RHB Ed Allen
|
0-0: Called Strike 0-1: Ball 1-1: Foul Ball, location: 2F 1-2: Fielders Choice at 2nd, 6-4 (Groundball, 6, EV 103.8 MPH)
|
| Bottom of the 2nd over - 2 runs, 3 hits, 0 errors, 2 left on base; Auburn 1 - Utica 2 |
| TOP OF THE 3RD |
|
Auburn Red Stars batting - Pitching for Utica Blue Jays : RHP Jeff Satzinger
|
|
Batting: RHB Jose Rodriguez
|
0-0: Ball 1-0: Foul Ball, location: 2F 1-1: Ball 2-1: Foul Ball, location: 2F 2-2: Foul Ball, location: 2F 2-2: Foul Ball, location: 2F 2-2: Strikes out swinging
|
|
Batting: RHB Clemente Acuna
|
0-0: Ball 1-0: Called Strike 1-1: Ground out 6-3 (Groundball, 6M, EV 81.3 MPH)
|
|
Batting: LHB Jeff Kenaga
|
0-0: Called Strike 0-1: Ball 1-1: SINGLE (Line Drive, 7LS, EV 85.6 MPH)
|
|
Batting: RHB Alfredo Torres
|
0-0: SINGLE (Groundball, 34D, EV 98.1 MPH) Jeff Kenaga to second Runner from 2nd tries for 3rd, SAFE, no throw by RF
|
|
Batting: LHB John Stefero
|
0-0: Ball 1-0: Foul Ball, location: 2F 1-1: Ball 2-1: Ball 3-1: Base on Balls Alfredo Torres to second
|
|
Batting: RHB Steve McQueen
|
0-0: Ball 1-0: Fly out, F8 (Flyball, 8RD, EV 88.8 MPH)
|
| Top of the 3rd over - 0 runs, 2 hits, 0 errors, 3 left on base; Auburn 1 - Utica 2 |
| BOTTOM OF THE 3RD |
|
Utica Blue Jays batting - Pitching for Auburn Red Stars : RHP Ernest Moya
|
|
Batting: RHB Jose Gonzalez
|
0-0: Ball 1-0: Foul Ball, location: 2F 1-1: Ball 2-1: Called Strike 2-2: Ball 3-2: Strikes out swinging
|
|
Batting: SHB Delwyn Young
|
0-0: Ball 1-0: SINGLE (Groundball, 6MD, EV 94.4 MPH)
|
|
Batting: LHB Robert Williamson
|
0-0: Ball 1-0: Ball 2-0: Called Strike 2-1: Foul Ball, location: 2F 2-2: DOUBLE (Line Drive, 7LS, EV 93.8 MPH) Delwyn Young to third
|
|
Batting: SHB Manny Jose
|
0-0: Ball 1-0: Called Strike 1-1: Swinging Strike 1-2: Strikes out swinging
|
|
Batting: RHB Ricky Jordan
|
0-0: Fly out, F9 (Flyball, 9D, EV 94.4 MPH)
|
| Bottom of the 3rd over - 0 runs, 2 hits, 0 errors, 2 left on base; Auburn 1 - Utica 2 |
| TOP OF THE 4TH |
|
Auburn Red Stars batting - Pitching for Utica Blue Jays : RHP Jeff Satzinger
|
|
Batting: LHB Luis Roman
|
0-0: Ball 1-0: Called Strike 1-1: Ball 2-1: Foul Ball, location: 2F 2-2: Foul Ball, location: 2F 2-2: Fly out, F7 (Flyball, 7D, EV 103.1 MPH)
|
|
Batting: RHB William Chamberlain
|
0-0: Ball 1-0: Swinging Strike 1-1: Ball 2-1: Foul Ball, location: 2F 2-2: Ground out 1-3 (Groundball, 15S, EV 72.5 MPH)
|
|
Batting: RHB Antonio Quevedo
|
0-0: Ball 1-0: Called Strike 1-1: Fly out, F9 (Line Drive, 9, EV 96.9 MPH)
|
| Top of the 4th over - 0 runs, 0 hits, 0 errors, 0 left on base; Auburn 1 - Utica 2 |
| BOTTOM OF THE 4TH |
|
Utica Blue Jays batting - Pitching for Auburn Red Stars : RHP Ernest Moya
|
|
Batting: RHB Doug Gwosdz
|
0-0: Called Strike 0-1: Ball 1-1: Fly out, F7 (Flyball, 7LD, EV 89.4 MPH)
|
|
Batting: RHB Eddie Santiago
|
0-0: Ball 1-0: Ground out 4-3 (Groundball, 4M, EV 85.6 MPH)
|
|
Batting: RHB Gustavo Hernandez
|
0-0: Called Strike 0-1: Foul Ball, location: 2F 0-2: Ground out 5-3 (Groundball, 5S, EV 61.3 MPH)
|
| Bottom of the 4th over - 0 runs, 0 hits, 0 errors, 0 left on base; Auburn 1 - Utica 2 |
| TOP OF THE 5TH |
|
Auburn Red Stars batting - Pitching for Utica Blue Jays : RHP Jeff Satzinger
|
|
Batting: RHB Jose Rodriguez
|
0-0: Called Strike 0-1: Foul Ball, location: 2F 0-2: Ball 1-2: Ball 2-2: Strikes out swinging
|
|
Batting: RHB Clemente Acuna
|
0-0: Called Strike 0-1: Swinging Strike 0-2: Fly out, F7 (Flyball, 78D, EV 95.0 MPH)
|
|
Batting: LHB Jeff Kenaga
|
0-0: Ball 1-0: Foul Ball, location: 2F 1-1: Fly out, F7 (Flyball, 7S, EV 81.9 MPH)
|
| Top of the 5th over - 0 runs, 0 hits, 0 errors, 0 left on base; Auburn 1 - Utica 2 |
| BOTTOM OF THE 5TH |
|
Utica Blue Jays batting - Pitching for Auburn Red Stars : RHP Ernest Moya
|
|
Batting: RHB Ed Allen
|
0-0: Foul Ball, location: 2F 0-1: Ball 1-1: Ball 2-1: Ball 3-1: Called Strike 3-2: Base on Balls
|
|
Batting: RHB Jose Gonzalez
|
0-0: Called Strike 0-1: Called Strike 0-2: Ball 1-2: Fly out, F9 (Flyball, 89M, EV 90.0 MPH)
|
|
Batting: SHB Delwyn Young
|
0-0: Ball Wild Pitch! Ed Allen to second 1-0: Ball 2-0: Swinging Strike 2-1: Fly out, F5 (Popup, 5SF, EV 81.9 MPH)
|
|
Batting: LHB Robert Williamson
|
0-0: Called Strike 0-1: Ball 1-1: Ground out 4-3 (Groundball, 4, EV 105.0 MPH)
|
| Bottom of the 5th over - 0 runs, 0 hits, 0 errors, 1 left on base; Auburn 1 - Utica 2 |
| TOP OF THE 6TH |
|
Auburn Red Stars batting - Pitching for Utica Blue Jays : RHP Jeff Satzinger
|
|
Batting: RHB Alfredo Torres
|
0-0: Called Strike 0-1: Ground out 1-3 (Groundball, 15S, EV 67.5 MPH)
|
|
Batting: LHB John Stefero
|
0-0: Ball 1-0: Ball 2-0: Ball 3-0: Base on Balls
|
|
Batting: RHB Steve McQueen
|
0-0: Called Strike 0-1: Foul Ball, location: 2F 0-2: Ball 1-2: Grounds into double play, 6-4-3 (Groundball, 6, EV 105.6 MPH)
|
| Top of the 6th over - 0 runs, 0 hits, 0 errors, 0 left on base; Auburn 1 - Utica 2 |
| BOTTOM OF THE 6TH |
|
Utica Blue Jays batting - Pitching for Auburn Red Stars : RHP Ernest Moya
|
|
Batting: SHB Manny Jose
|
0-0: Called Strike 0-1: Ball 1-1: Swinging Strike 1-2: Ball 2-2: DOUBLE (Flyball, 89D, EV 90.6 MPH)
|
|
Batting: RHB Ricky Jordan
|
0-0: Ball 1-0: Ball 2-0: Ball 3-0: Foul Ball, location: 2F 3-1: Ground out 5-3 (Groundball, 56S, EV 63.8 MPH) Manny Jose to third
|
|
Batting: RHB Doug Gwosdz
|
0-0: Swinging Strike 0-1: Ball 1-1: Swinging Strike 1-2: Ball 2-2: Ball 3-2: Base on Balls
|
|
Batting: RHB Eddie Santiago
|
0-0: Foul Ball, location: 2F 0-1: SINGLE (Flyball, 5D, EV 93.1 MPH) Manny Jose scores Doug Gwosdz to second
|
|
Batting: RHB Gustavo Hernandez
|
0-0: Called Strike 0-1: Foul Ball, location: 2F 0-2: Ball 1-2: Fly out, F9 (Line Drive, 9, EV 91.3 MPH)
|
|
Pitching: RHP Paul Gnacinski
|
|
|
Batting: RHB Ed Allen
|
0-0: Ball 1-0: Foul Ball, location: 2F 1-1: Foul Ball, location: 2F 1-2: Ground out 5-3 (Groundball, 5S, EV 67.5 MPH)
|
| Bottom of the 6th over - 1 run, 2 hits, 0 errors, 2 left on base; Auburn 1 - Utica 3 |
| TOP OF THE 7TH |
|
Auburn Red Stars batting - Pitching for Utica Blue Jays : RHP Jeff Satzinger
|
|
Batting: LHB Luis Roman
|
0-0: Called Strike 0-1: Foul Ball, location: 2F 0-2: Ball 1-2: Ball 2-2: Foul Ball, location: 2F 2-2: Foul Ball, location: 2F 2-2: Ball 3-2: Foul Ball, location: 2F 3-2: Base on Balls
|
|
Batting: RHB William Chamberlain
|
0-0: Ball 1-0: Ball 2-0: Called Strike 2-1: Called Strike 2-2: Ball 3-2: Foul Ball, location: 2F 3-2: Ground out 6-3 (Groundball, 56, EV 102.5 MPH) Luis Roman to second
|
|
Batting: RHB Antonio Quevedo
|
0-0: Ball 1-0: Ball 2-0: DOUBLE (Line Drive, 78D, EV 102.5 MPH) Luis Roman scores
|
|
Batting: RHB Jose Rodriguez
|
0-0: Ball 1-0: Called Strike 1-1: Ball 2-1: Foul Ball, location: 2F 2-2: Foul Ball, location: 2F 2-2: Strikes out swinging
|
|
Batting: RHB Clemente Acuna
|
0-0: Ground out 1-3 (Groundball, 25, EV 70.0 MPH)
|
| Top of the 7th over - 1 run, 1 hit, 0 errors, 1 left on base; Auburn 2 - Utica 3 |
| BOTTOM OF THE 7TH |
|
Utica Blue Jays batting - Pitching for Auburn Red Stars : RHP Paul Gnacinski
|
|
Batting: RHB Jose Gonzalez
|
0-0: Called Strike 0-1: Called Strike 0-2: Foul Ball, location: 2F 0-2: Ball 1-2: Ball 2-2: Fly out, F5 (Flyball, 56D, EV 92.5 MPH)
|
|
Batting: SHB Delwyn Young
|
0-0: Called Strike 0-1: Ball 1-1: Foul Ball, location: 2F 1-2: Fly out, F8 (Flyball, 89XD, EV 106.3 MPH)
|
|
Batting: LHB Robert Williamson
|
0-0: Called Strike 0-1: Foul Ball, location: 2F 0-2: Ball 1-2: Foul Ball, location: 2F 1-2: Ball 2-2: Foul Ball, location: 2F 2-2: Foul Ball, location: 2F 2-2: Ball 3-2: Base on Balls
|
|
Batting: SHB Manny Jose
|
0-0: Ball 1-0: Fly out, F5 (Popup, 5, EV 79.4 MPH)
|
| Bottom of the 7th over - 0 runs, 0 hits, 0 errors, 1 left on base; Auburn 2 - Utica 3 |
| TOP OF THE 8TH |
|
Auburn Red Stars batting - Pitching for Utica Blue Jays : RHP Jeff Satzinger
|
|
Batting: LHB Jeff Kenaga
|
0-0: Ball 1-0: SOLO HOME RUN (Flyball, 89XD, EV 108.1 MPH), Distance : 420 ft
|
|
Batting: RHB Alfredo Torres
|
0-0: Ball 1-0: Ball 2-0: Ground out 6-3 (Groundball, 56, EV 100.6 MPH)
|
|
Pitching: RHP Luis Lara
|
|
|
Batting: LHB John Stefero
|
0-0: Ball 1-0: Ball 2-0: Foul Ball, location: 2F 2-1: Ball 3-1: Base on Balls
|
|
Batting: RHB Steve McQueen
|
0-0: Ball 1-0: Fly out, F8 (Flyball, 78D, EV 87.5 MPH)
|
|
Batting: LHB Luis Roman
|
0-0: Ball 1-0: Ground out 6-3 (Groundball, 6S, EV 62.5 MPH)
|
| Top of the 8th over - 1 run, 1 hit, 0 errors, 1 left on base; Auburn 3 - Utica 3 |
| BOTTOM OF THE 8TH |
|
Utica Blue Jays batting - Pitching for Auburn Red Stars : RHP Paul Gnacinski
|
|
Batting: RHB Ricky Jordan
|
0-0: Fly out, F8 (Flyball, 8LD, EV 87.5 MPH)
|
|
Batting: RHB Doug Gwosdz
|
0-0: Swinging Strike 0-1: Ball 1-1: Ball 2-1: Ground out 4-3 (Groundball, 4, EV 81.3 MPH)
|
|
Batting: RHB Eddie Santiago
|
0-0: Ball 1-0: Called Strike 1-1: Ball 2-1: Ball 3-1: SINGLE (Line Drive, 8LS, EV 113.1 MPH)
|
|
Pinch Runner at 1st Tony Walker:
|
|
|
Batting: RHB Gustavo Hernandez
|
0-0: Ball 1-0: Ball Tony Walker steals 2nd base 2-0: Ground out 4-3 (Groundball, 4, EV 80.6 MPH)
|
| Bottom of the 8th over - 0 runs, 1 hit, 0 errors, 1 left on base; Auburn 3 - Utica 3 |
| TOP OF THE 9TH |
|
Auburn Red Stars batting - Pitching for Utica Blue Jays : RHP Luis Lara
|
|
Now at 3B: James Lumpe
|
|
|
Batting: RHB William Chamberlain
|
0-0: Swinging Strike 0-1: Ball 1-1: Called Strike 1-2: Strikes out swinging
|
|
Pinch Hitting: RHB Tom Howser
|
0-0: Ball 1-0: Ball 2-0: Called Strike 2-1: Ball 3-1: Base on Balls
|
|
Batting: RHB Jose Rodriguez
|
0-0: Called Strike 0-1: Foul Ball, location: 2F 0-2: Ball 1-2: Strikes out swinging
|
|
Batting: RHB Clemente Acuna
|
0-0: Called Strike Tom Howser is caught stealing 2nd base 2-4
|
| Top of the 9th over - 0 runs, 0 hits, 0 errors, 0 left on base; Auburn 3 - Utica 3 |
| BOTTOM OF THE 9TH |
|
Utica Blue Jays batting - Pitching for Auburn Red Stars : RHP Paul Gnacinski
|
|
Now at 2B: Tom Howser
|
|
|
Batting: RHB Ed Allen
|
0-0: Called Strike 0-1: Ball 1-1: Ball 2-1: Called Strike 2-2: Strikes out swinging
|
|
Batting: RHB Jose Gonzalez
|
0-0: Foul Ball, location: 2F 0-1: Foul Ball, location: 2F 0-2: Ball 1-2: Ball 2-2: Foul Ball, location: 2F 2-2: Ball 3-2: Base on Balls
|
|
Batting: SHB Delwyn Young
|
0-0: SINGLE (Groundball, 25, EV 70.0 MPH) (infield hit) Jose Gonzalez to second
|
|
Batting: LHB Robert Williamson
|
0-0: Ball 1-0: Ball 2-0: Called Strike 2-1: Ball 3-1: Base on Balls Jose Gonzalez to third Delwyn Young to second
|
|
Pitching: LHP Gene Walter
|
|
|
Batting: SHB Manny Jose
|
0-0: Ball 1-0: Called Strike 1-1: Foul Ball, location: 2F 1-2: Fly out, F8 (Flyball, 89D, EV 81.9 MPH) Runner from 3rd tags up, OUT at HOME! 8-2
|
| Bottom of the 9th over - 0 runs, 1 hit, 0 errors, 2 left on base; Auburn 3 - Utica 3 |
| TOP OF THE 10TH |
|
Auburn Red Stars batting - Pitching for Utica Blue Jays : RHP Luis Lara
|
|
Batting: RHB Clemente Acuna
|
0-0: Ball 1-0: Swinging Strike 1-1: Ground out 5-3 (Groundball, 56, EV 102.5 MPH)
|
|
Batting: LHB Jeff Kenaga
|
0-0: Swinging Strike 0-1: Ball 1-1: Ball 2-1: Foul Ball, location: 2F 2-2: Strikes out swinging
|
|
Batting: RHB Alfredo Torres
|
0-0: Fly out, F8 (Flyball, 8LM, EV 92.5 MPH)
|
| Top of the 10th over - 0 runs, 0 hits, 0 errors, 0 left on base; Auburn 3 - Utica 3 |
| BOTTOM OF THE 10TH |
|
Utica Blue Jays batting - Pitching for Auburn Red Stars : LHP Gene Walter
|
|
Pitching: RHP Greg Booker
|
|
|
Pinch Hitting: RHB Igor Roosendaal
|
0-0: Called Strike 0-1: Ball 1-1: Ball 2-1: Fly out, F7 (Line Drive, 7, EV 101.3 MPH)
|
|
Batting: RHB Doug Gwosdz
|
0-0: Foul Ball, location: 2F 0-1: Called Strike 0-2: Ball 1-2: Fly out, F3 (Popup, 34, EV 71.9 MPH)
|
|
Batting: LHB James Lumpe
|
0-0: SINGLE (Groundball, 34D, EV 95.0 MPH)
|
|
Pinch Hitting: RHB James McGilvray
|
0-0: Swinging Strike James Lumpe steals 2nd base 0-1: Ball 1-1: Called Strike 1-2: Ball 2-2: Ground out 5-3 (Groundball, 56, EV 88.8 MPH)
|
| Bottom of the 10th over - 0 runs, 1 hit, 0 errors, 1 left on base; Auburn 3 - Utica 3 |
| TOP OF THE 11TH |
|
Auburn Red Stars batting - Pitching for Utica Blue Jays : RHP Luis Lara
|
|
Now at 1B: Igor Roosendaal
|
|
|
Now at SS: Steven Espinoza
|
|
|
Batting: LHB John Stefero
|
0-0: Called Strike 0-1: Called Strike 0-2: Foul Ball, location: 2F 0-2: Ball 1-2: Ball 2-2: Ball 3-2: Base on Balls
|
|
Pitching: RHP Christian Fedor
|
|
|
Batting: RHB Steve McQueen
|
0-0: Ball Wild Pitch! John Stefero to second 1-0: Ball 2-0: Foul Ball, location: 2F 2-1: Called Strike 2-2: Ball Wild Pitch! John Stefero to third 3-2: DOUBLE (Line Drive, 78D, EV 104.4 MPH) John Stefero scores
|
|
Batting: LHB Luis Roman
|
0-0: Called Strike 0-1: Foul Ball, location: 2F 0-2: Fly out, F9 (Flyball, 9S, EV 95.0 MPH)
|
|
Batting: RHB William Chamberlain
|
0-0: Ball 1-0: Ball 2-0: Ball 3-0: Base on Balls
|
|
Batting: RHB Tom Howser
|
0-0: Called Strike 0-1: Ball 1-1: Ball 2-1: Swinging Strike 2-2: Ball 3-2: Foul Ball, location: 2F 3-2: Base on Balls Steve McQueen to third William Chamberlain to second
|
|
Batting: RHB Jose Rodriguez
|
0-0: Called Strike 0-1: Foul Ball, location: 2F 0-2: Ball 1-2: Ball 2-2: Ball 3-2: Foul Ball, location: 2F 3-2: Foul Ball, location: 2F 3-2: Fly out, F8 (Flyball, 8RS, EV 90.0 MPH)
|
|
Batting: RHB Clemente Acuna
|
0-0: Called Strike 0-1: Ball 1-1: Ball 2-1: Foul Ball, location: 2F 2-2: Ball 3-2: Base on Balls Steve McQueen scores William Chamberlain to third Tom Howser to second
|
|
Batting: LHB Jeff Kenaga
|
0-0: Ball 1-0: Swinging Strike 1-1: Called Strike 1-2: GRAND SLAM HOME RUN (Line Drive, 9LD, EV 110.6 MPH), Distance : 355 ft
|
|
Pitching: RHP Ken Dressier
|
|
|
Batting: RHB Alfredo Torres
|
0-0: Called Strike 0-1: Fly out, F8 (Flyball, 8LS, EV 89.4 MPH)
|
| Top of the 11th over - 6 runs, 2 hits, 0 errors, 0 left on base; Auburn 9 - Utica 3 |
| BOTTOM OF THE 11TH |
|
Utica Blue Jays batting - Pitching for Auburn Red Stars : RHP Greg Booker
|
|
Batting: RHB Ed Allen
|
0-0: Ball 1-0: Ball 2-0: Called Strike 2-1: Ground out 5-3 (Groundball, 56, EV 79.4 MPH)
|
|
Batting: RHB Jose Gonzalez
|
0-0: Called Strike 0-1: Ball 1-1: Foul Ball, location: 2F 1-2: Ball 2-2: Ball 3-2: Fly out, F9 (Flyball, 9LM, EV 95.6 MPH)
|
|
Batting: SHB Delwyn Young
|
0-0: Called Strike 0-1: Swinging Strike 0-2: Ball 1-2: Reached on error, E6 (Groundball, 6S, EV 88.8 MPH)
|
|
Batting: LHB Robert Williamson
|
0-0: Called Strike 0-1: Fly out, F9 (Flyball, 9S, EV 96.9 MPH)
|
| Bottom of the 11th over - 0 runs, 0 hits, 1 error, 1 left on base; Auburn 9 - Utica 3 |
|